Match 30217925
Unlisted

Match 30217925
End
Selects Airborne Battlegroup
Selects Pathfinders
Pathfinder Squad
Construct Weapon Support Center
M1919 Machine Gun Team
M1919 Machine Gun Team
Bazooka Squad
Construct Medical Station
Selects Paratrooper Squad Paradrop
Paratrooper Squad Paradrop
Bazooka Squad
Paratrooper Squad Paradrop
Paratrooper Squad Paradrop
Selects Smoke Bombing Run
Selects Paradrop Reinforcements
Mechanized Support Center
Paradrop Reinforcements
M3 75 mm Gun Motor Carriage
Construct Motor Pool
Improvised Armor
Rearm and Retrofit
Designate Forward Repair Station
M24 Chaffee Light Tank
M24 Chaffee Light Tank
Selects Carpet Bombing Run
Carpet Bombing Run
Smoke Bombing Run
Carpet Bombing Run
Paratrooper Squad Paradrop
M4A1 76mm Conversion
Construct Tank Depot
Selects Anti-tank Gun Team Paradrop
M4A1(76) Sherman Medium Tank
Improved M9 Bazooka Rockets
Paratrooper Squad Paradrop
Carpet Bombing Run
M18 Hellcat Tank Destroyer
Paratrooper Squad Paradrop
Designate Forward Repair Station
M4A1(76) Sherman Medium Tank
Paratrooper Squad Paradrop
Carpet Bombing Run
Captain Tinkleman 🇬🇧
Oi! Oi! Oi!
Wen Jiabao
Hanaken
DayzMeRolling
Вοгіﻛ Τ Rατ
don/pedro
Rambo
0
0

Comments sign in to comment!

No comments posted yet!